 Dungeon Crawl Stone Soup version 0.29-a0-23-ga79f92ac9c (webtiles) character file.

Game seed: 8494522647903672543

548 Nattfarinn the Magician (level 7, -2/52 HPs)
             Began as a Djinni Fire Elementalist on Jan 29, 2022.
             Slain by a gnoll (3 damage)
             ... on level 4 of the Dungeon.
             The game lasted 00:05:58 (6035 turns).

Nattfarinn the Magician (Djinni Fire Elementalist)  Turns: 6035, Time: 00:05:59

Health: -2/52      AC:  3    Str:  7    XL:     7   Next: 53%
Gold:   184        EV: 16    Int: 18    God:
                   SH:  0    Dex: 14

rFire   + + .      SeeInvis .   j - +2 mace (holy)
rCold   x . .      Faith    .   (no shield)
rNeg    . . .      Spirit   .   a - +0 robe
rPois   ∞          Reflect  .   (no helmet)
rElec   .          Harm     .   (no cloak)
rCorr   .          Rampage  .   l - +0 pair of gloves
Will    .....                   (boots unavailable)
Stlth   ++........              (no amulet)
HPRegen 0.17/turn               m - +4 ring of evasion
MPRegen 0.00/turn               (no ring)

@: flying
A: sickness immunity, fire resistance 2, cold vulnerability 1, float, innate
caster, HP casting, extra vitality 1
a: no special abilities


You were on level 4 of the Dungeon.
You visited 1 branch of the dungeon, and saw 4 of its levels.

You collected 184 gold pieces.

Inventory:

Hand Weapons
 j - a +2 mace of holy wrath (weapon)
Armour
 a - a +0 robe (worn)
 l - a +0 pair of gloves (worn)
Jewellery
 m - a +4 ring of evasion (left hand)
Wands
 k - a wand of polymorph (2)
Scrolls
 b - a scroll of amnesia {unknown}
 d - a scroll of fog
 f - a scroll of holy word {unknown}
 g - 3 scrolls of identify {unknown}
 i - a scroll of torment {unknown}
 n - a scroll of immolation {unknown}
Potions
 c - 4 potions of curing {unknown}
 e - 2 potions of brilliance {unknown}
 h - 2 potions of berserk rage {unknown}


   Skills:
 + Level 4.1 Fighting
 - Level 2.1 Dodging
 - Level 1.5 Stealth
 * Level 5.3 Spellcasting


You couldn't memorise any spells.
You knew the following spells:

 Your Spells              Type           Power      Damage    Failure   Level
a - Foxfire               Conj/Fire      92%        2x1d8     1%          1
b - Scorch                Fire           46%        2d7       2%          2
c - Conjure Flame         Conj/Fire      23%        6-21      4%          3
d - Inner Flame           Hex/Fire       23%        N/A       4%          3
e - Flame Wave            Conj/Fire      23%        2d7       14%         4
f - Pain                  Necr           92%        1d8       1%          1
g - Blink                 Tloc           46%        N/A       2%          2
h - Frozen Ramparts       Ice            46%        1d6       4%          3
Your spell library was empty.

Dungeon Overview and Level Annotations

Branches:
Dungeon (4/15)
 Temple: D:4-7

Altars:
Xom


Innate Abilities, Weirdness & Mutations

You are immune to sickness and miasma.
You are immune to poison.
Your flesh is very heat resistant. (rF++)
You are vulnerable to cold. (rC-)
You float through the air rather than walking.
You learn spells naturally, not from books.
Your magical power is your life essence.
You have superior vitality. (+4 MHP)


Message History

The gnoll is lightly wounded.
The foxfire hits the gnoll.
The gnoll is lightly wounded.
You conjure some foxfire!
The foxfire hits the gnoll.
The gnoll is moderately wounded.
The foxfire hits the gnoll.
The gnoll is heavily wounded.
You conjure some foxfire!
The foxfire hits the gnoll.
The gnoll is heavily wounded.
The foxfire hits the gnoll!
The gnoll is severely wounded.
Casting: Foxfire (safe; 1% risk of failure)
Confirm with . or Enter, or press ? or * to list all spells.
Flames lash the gnoll sergeant.
The gnoll sergeant is moderately wounded.
The gnoll sergeant's fire resistance burns away.
The foxfire hits the gnoll but does no damage.
The gnoll is heavily wounded.
The foxfire hits the gnoll.
The gnoll is severely wounded.
The gnoll sergeant hits you from afar with a +0 trident!
The gnoll hits you from afar with a +0 spear!
Casting: Scorch (safe; 2% risk of failure)
Confirm with . or Enter, or press ? or * to list all spells.
Flames lash the gnoll.
You kill the gnoll!
The gnoll sergeant hits you from afar with a +0 trident!
* * * LOW HITPOINT WARNING * * *
The gnoll hits you with a +0 flail.
* * * LOW HITPOINT WARNING * * *
Unknown command.
Unknown command.
As you read the scroll labelled CIKUUPP SATSI, it crumbles to dust.
The scroll dissolves into smoke.
It was a scroll of fog.
The gnoll sergeant barely misses you. The gnoll closely misses you.
Unknown command.
The gnoll hits you with a +0 flail!
* * * LOW HITPOINT WARNING * * *
The gnoll hits you with a +0 whip.
You die...

....... # .......
##. # .......
...##.##........#
...[..§...).....##
#....§#).).......#
....§§§§g§.......##
......g§g§..........
...#.##@§§..........
....##§§§..........
....<.§§§...........
..#######...........
##>.#.......
##.........
########..#.####
#..............#


PPPPPPPPP.PPP....# You could see a gnoll sergeant (combustible) and 2 gnolls.

Vanquished Creatures
  A water moccasin (D:3)
  An ogre (D:4)
  A centaur (D:3)
  A hound (D:4)
  An iguana (D:4)
  Natasha (thrice) (D:3)
  3 gnolls (D:4)
  5 adders
  An ufetubus (D:4)
  A dart slug (D:3)
  An orc (D:3)
  9 bats
  7 endoplasms
  2 giant cockroaches (D:2)
  6 goblins
  2 hobgoblins (D:1)
  4 jackals (D:1)
  6 ball pythons
  5 frilled lizards
  6 kobolds
  4 rats (D:1)
70 creatures vanquished.

Vanquished Creatures (collateral kills)
  3 foxfires (D:4)
3 creatures vanquished.

Vanquished Creatures (others)
  342 foxfires
  3 fungi (D:3)
  4 plants (D:3)
349 creatures vanquished.

Grand Total: 422 creatures vanquished

Notes
Turn   | Place    | Note
-------+----------+-------------------------------------------
     0 | D:1      | Nattfarinn the Djinni Fire Elementalist began the quest for
                  | the Orb.
     0 | D:1      | Reached XP level 1. HP: 15/15 MP: 0/0
   468 | D:1      | Reached XP level 2. HP: 19/22 MP: 0/0
  1072 | D:1      | Reached skill level 1 in Fighting
  1275 | D:1      | Reached XP level 3. HP: 22/27 MP: 0/0
  1275 | D:1      | Learned a level 1 spell: Pain
  1288 | D:1      | Reached skill level 3 in Spellcasting
  2204 | D:2      | Found a shimmering altar of Xom.
  2738 | D:2      | Reached XP level 4. HP: 19/33 MP: 0/0
  3996 | D:3      | Noticed Natasha
  4004 | D:3      | Killed Natasha
  4005 | D:3      | Reached XP level 5. HP: 25/38 MP: 0/0
  4005 | D:3      | Learned a level 2 spell: Blink
  4180 | D:3      | Noticed a water moccasin
  4187 | D:3      | Killed a water moccasin
  4188 | D:3      | Reached skill level 4 in Spellcasting
  4188 | D:3      | Reached XP level 6. HP: 27/45 MP: 0/0
  4911 | D:3      | Found a faded altar of an unknown god.
  5010 | D:3      | Noticed Natasha
  5023 | D:3      | Killed Natasha
  5214 | D:3      | Noticed Natasha
  5219 | D:3      | Killed Natasha
  5839 | D:4      | Noticed an ogre
  5845 | D:4      | Killed an ogre
  5846 | D:4      | Reached skill level 5 in Spellcasting
  5846 | D:4      | Reached XP level 7. HP: 46/51 MP: 0/0
  5846 | D:4      | Learned a level 3 spell: Frozen Ramparts
  6035 | D:4      | HP: 1/52 [gnoll (9)]
  6035 | D:4      | Slain by a gnoll

Illustrated notes

Levels and vault maps discovered:
D:1:      nicolae_arrival_washed_ashore, layout_basic
D:2:      layout_loops_cross, basic_altar
D:3:      layout_basic, shapermc_ecumenical_altar_mp_urbaneastern, uniq_natasha
D:4:      layout_rooms, pdpol_wu_jian_five_deadly_venoms,
          chequers_hall_statues_y, minmay_hedge_maze, st_stairs_1, uniq_ijyb

Skill      XL: |  1  2  3  4  5  6  7 |
---------------+----------------------+-----
Fighting       | 1 2 3 4 |  4.1
Spellcasting   | 3 4 5 |  5.3
Dodging        | |  2.1
Stealth        | |  1.5

Action                   |  1- 3 |  4- 6 |  7- 9 || total
-------------------------+-------+-------+-------++-------
Melee: Unarmed           |     1 |     4 |       ||     5
 Cast: Foxfire           |   111 |   132 |    16 ||   259
       Scorch            |       |    17 |     7 ||    24
  Use: Scroll            |       |       |     1 ||     1
Armor: Robe              |     4 |     5 |       ||     9
Dodge: Dodged            |    11 |    23 |     2 ||    36

Table legend: (Time is in decaauts)
 A = Elapsed time spent in this place.
 B = Non-inter-level travel time spent in this place.
 C = Inter-level travel time spent in this place.
 D = Time resting spent in this place.
 E = Time spent auto-exploring this place.
 F = Levels seen in this place.
 G = Mean time per level.
                   A        B        C        D        E       F      G
               +--------+--------+--------+--------+--------+-----+--------+
         Total |   6033 |   5914 |    119 |     72 |   5346 |   4 | 1508.2 |
       Dungeon |   6033 |   5914 |    119 |     72 |   5346 |   4 | 1508.2 |
               +--------+--------+--------+--------+--------+-----+--------+

Top non-repeatable levels by time:
     D:3: 2194 daAuts
     D:1: 2056 daAuts
     D:2: 1582 daAuts
     D:4: 199 daAuts
